 Dungeon Crawl Stone Soup version 0.32-a0-328-gd8048dd28f (webtiles) character file.

Game seed: 3837299475949818519

95 avgcrawlenjoyer the Trooper (level 4, -3/37 HPs)
             Began as a Demonspawn Fighter on Feb 16, 2024.
             Incinerated by a bombardier beetle (5 damage)
             ... with a burning spray
             ... on level 3 of the Dungeon.
             The game lasted 00:03:08 (1379 turns).

avgcrawlenjoyer the Trooper (Demonspawn Fighter)    Turns: 1379, Time: 00:03:08

Health: -3/37      AC: 11    Str: 18    XL:     4   Next: 40%
Magic:  4/4        EV:  7    Int:  9    God:
Gold:   100        SH:  4    Dex: 12    Spells: 3/3 levels left

rFire   . . .        a - +0 long sword
rCold   . . .        c - +0 buckler
rNeg    . . .        r - +0 plate armour
rPois   .            (no helmet)
rElec   .            (no cloak)
rCorr   .            (no gloves)
SInv    .            (no boots)
Will    .....        (no amulet) Stlth
                     (no ring)
HPRegen 0.26/turn    (no ring)
MPRegen 0.18/turn

%: no passive effects
@: on fire, hasted, glowing, very quick
A: repulsion field 1, magic regeneration
a: no special abilities


You were on level 3 of the Dungeon.
You visited 1 branch of the dungeon, and saw 4 of its levels.

You collected 100 gold pieces.

Inventory:

Hand Weapons
 a - a +0 long sword (weapon)
Missiles
 m - 4 poisoned darts (quivered)
 q - a throwing net
Armour
 b - a +0 scale mail
 c - a +0 buckler (worn)
 r - a +0 plate armour (worn)
Jewellery
 i - a ring of magical power
 l - a ring of fire
 p - a ring of fire
Scrolls
 e - a scroll of enchant armour {unknown}
 g - 4 scrolls of identify {unknown}
 h - a scroll of amnesia {unknown}
 j - a scroll of teleportation {unknown}
 n - a scroll of acquirement {unknown}
 o - a scroll of torment {unknown}
Potions
 d - 3 potions of might
 f - 3 potions of curing
 k - 2 potions of haste


   Skills:
 + Level 3.6 Fighting
 + Level 2.5 Long Blades
 + Level 3.3 Armour
 + Level 3.3 Shields


You had 3 spell levels left.
You didn't know any spells.
Your spell library contained the following spells:

 Spells                   Type           Power      Damage    Failure   Level
 Scorch                   Fire           0%         2d5       100%        2
 Flame Wave               Conj/Fire      0%         2d4       100%        4
 Summon Cactus Giant      Summ           0%         N/A       100%        6


Dungeon Overview and Level Annotations

Branches:
Dungeon (4/15)
 Temple: D:4-7

Altars:


Innate Abilities, Weirdness & Mutations

You are surrounded by a mild repulsion field. (EV +2)
You regenerate magic rapidly.


Message History

The endoplasm freezes you.
You are frozen.
The bombardier beetle sprays incendiary fluid at you.
The burning spray hits you.
You are covered in liquid fire!
The endoplasm freezes you.
You are frozen.
You shake off some of the fire as you move.
The liquid fire burns you! The bombardier beetle bites you.
You shake off some of the fire as you move.
The liquid fire burns you!
* * * LOW HITPOINT WARNING * * *
The endoplasm attacks as it pursues you!
The endoplasm hits you but does no damage.
The bombardier beetle sprays incendiary fluid at you.
The burning spray hits you.
You are even more covered in liquid fire!
There is an open door here.
You slash the bombardier beetle!
The bombardier beetle is almost dead.
The liquid fire burns you!
* * * LOW HITPOINT WARNING * * *
The endoplasm closely misses you.
You shake off some of the fire as you move.
The liquid fire burns you!
* * * LOW HITPOINT WARNING * * *
The bombardier beetle sprays incendiary fluid at you.
The burning spray hits you.
You are even more covered in liquid fire!
Unknown command.
It was a potion of curing.
You feel better. The liquid fire burns you!
* * * LOW HITPOINT WARNING * * *
You block the endoplasm's attack.
You block the bombardier beetle's attack.
Unknown command.
It was a potion of haste.
You feel yourself speed up. The liquid fire burns you!
You die...

#.######....#†#
###.##.########
#.##.........
#.###########
##'## ##..†##
##.....##
##.......## # .
#........@##.#....
+.....)..BJ.......
#.........##......
##.......## .....
##.....## ....
##...## ... ##'##
.. #. . #.


You could see a bombardier beetle and an endoplasm.

Vanquished Creatures
  An adder (D:3)
  2 ribbon worms (D:2)
  2 dart slugs (D:2)
  An endoplasm (D:1)
  6 giant cockroaches
  4 goblins
  3 hobgoblins
  3 jackals (D:2)
  2 kobolds (D:1)
  8 ball pythons
  6 bats
  3 frilled lizards
  4 rats
45 creatures vanquished.

Notes
Turn   | Place    | Note
-------+----------+-------------------------------------------
     0 | D:1      | avgcrawlenjoyer the Demonspawn Fighter began the quest for
                  | the Orb.
     0 | D:1      | Reached XP level 1. HP: 18/18 MP: 1/1
   127 | D:1      | Gained mutation: You are surrounded by a mild repulsion
                  | field. (EV +2) [demonic ancestry]
   127 | D:1      | Reached XP level 2. HP: 24/24 MP: 2/2
   307 | D:1      | Gained mutation: You regenerate magic rapidly. [demonic
                  | ancestry]
   307 | D:1      | Reached XP level 3. HP: 10/29 MP: 3/3
   714 | D:2      | You fall into a shaft and drop 2 floors!
   832 | D:2      | Reached XP level 4. HP: 26/35 MP: 4/4
  1377 | D:3      | HP: 1/37 [burnt (4)]
  1379 | D:3      | Incinerated by a bombardier beetle

Illustrated notes

Levels and vault maps discovered:
D:1:      tarquinn_simple_flora_water_b, layout_rooms, hangedman_decor_growths
D:2:      layout_basic, hangedman_decor_push, minmay_tripent
D:3:      layout_loops_corners, basic_ecumenical_altar, uniq_jessica
D:4:      layout_rooms, kennysheep_mini, lemuel_tele_altar, demons_altar,
          minmay_temple_entry_water_ring, uniq_robin

Skill      XL: |  1  2 |
---------------+-------+-----
Long Blades    | 2 |  2.5
Shields        | 3 |  3.3
Armour         | 3 |  3.3
Fighting       | |  3.6

Action                     |  1- 3 |  4- 6 || total
---------------------------+-------+-------++-------
  Melee: Long sword        |    97 |    45 ||   142
    Use: Potion            |       |     2 ||     2
 Armour: Scale mail        |    96 |    16 ||   112
         Plate armour      |       |    10 ||    10
  Dodge: Dodged            |    88 |    22 ||   110
  Block: Buckler           |    46 |    12 ||    58

Table legend: (Time is in decaauts)
 A = Elapsed time spent in this place.
 B = Non-inter-level travel time spent in this place.
 C = Inter-level travel time spent in this place.
 D = Time resting spent in this place.
 E = Time spent auto-exploring this place.
 F = Levels seen in this place.
 G = Mean time per level.
                   A        B        C        D        E       F      G
               +--------+--------+--------+--------+--------+-----+--------+
         Total |   1427 |   1401 |     26 |      0 |    845 |   4 |  356.8 |
       Dungeon |   1427 |   1401 |     26 |      0 |    845 |   4 |  356.8 |
               +--------+--------+--------+--------+--------+-----+--------+

Top non-repeatable levels by time:
     D:1: 593 daAuts
     D:2: 592 daAuts
     D:3: 215 daAuts
     D:4: 26 daAuts
